 Dungeon Crawl Stone Soup version 0.18-a0-1418-ga86aa8f (webtiles) character file.

622 Ijustatesigmund the Sneak (level 7, -8/48 HPs)
             Began as an Octopode Transmuter on Feb 26, 2016.
             Was a Follower of Cheibriados.
             Shot with an arrow by a centaur (13 damage)
             ... on level 5 of the Dungeon.
             The game lasted 00:23:30 (6267 turns).

Ijustatesigmund the Sneak (Octopode Transmuter)     Turns: 6267, Time: 00:23:31

Health: -8/48      AC:  1    Str: 11    XL:     7   Next: 46%
Magic:  10/10      EV:  7    Int: 19    God:    Cheibriados [*.....]
Gold:   210        SH:  0    Dex: 15    Spells: 3 memorised, 4 levels left

rFire  . . .     SeeInvis .       - Unarmed
rCold  . . .     Gourm    .     (no shield)
rNeg   . . .     Faith    .     (helmet restricted)
rPois  .         Spirit   .     (no amulet)
rElec  .         Dismiss  .     c - ring of stealth
rCorr  .         Reflect  .     (no ring)
SustAt .         Harm     .     (no ring)
MR     .....                    (no ring)
Stlth  +++++.....               (no ring)
                                (no ring)
                                (no ring)
                                (no ring)

@: drained, very slow, not resistant to hostile enchantments, quite stealthy
A: almost no armour, amphibious, 8 rings, constrict 8, camouflage 1, gelatinous
body 1
a: Bend Time, Renounce Religion


You were on level 5 of the Dungeon.
You worshipped Cheibriados.
Cheibriados was aware of your devotion.
You were not hungry.

You visited 2 branches of the dungeon, and saw 6 of its levels.

You collected 210 gold pieces.

Inventory:

Hand Weapons
 p - a +0 blowgun
Missiles
 a - 5 arrows
 e - 20 arrows of flame
 q - 12 poisoned needles
Jewellery
 c - a ring of stealth (left tentacle)
Wands
 n - a wand of random effects (20/48)
 t - a wand of disintegration (13/24)
Scrolls
 d - 2 scrolls of magic mapping
 j - 7 scrolls of remove curse
 m - 2 scrolls of teleportation
 u - a scroll of enchant weapon
Potions
 f - a potion of flight
 g - a potion of magic
 k - a potion of heal wounds {unknown}
 l - a potion of curing {unknown}
 o - a potion of berserk rage {unknown}
 r - a potion of degeneration {unknown}
 s - a potion of lignification {unknown}
Books
 b - a book of Changes

   Spells                             Type                      Level
   a - Beastly Appendage              Transmutation                1
   b - Sticks to Snakes               Transmutation                2
   c - Spider Form                    Transmutation/Poison         3
   d - Ice Form                       Ice/Transmutation            4
   e - Blade Hands                    Transmutation                5
Comestibles
 h - 2 bread rations
 i - 3 meat rations
 v - 5 chunks of flesh


   Skills:
 - Level 4.0(3.2) Fighting
 - Level 2.0(1.2) Dodging
 - Level 4.3(3.4) Stealth
 - Level 4.0(3.2) Unarmed Combat
 - Level 2.0(1.2) Spellcasting
 + Level 3.7(2.8) Transmutations
 - Level 2.0(1.2) Poison Magic
 + Level 3.5(2.7) Invocations


You had 4 spell levels left.
You knew the following spells:

 Your Spells              Type           Power        Failure   Level  Hunger
a - Beastly Appendage     Trmt           ##....       8%          1    ##.....
b - Sticks to Snakes      Trmt           ##......     10%         2    ###....
c - Spider Form           Trmt/Pois      #.........   28%         3    ####...


Dungeon Overview and Level Annotations

Branches:
Dungeon (5/15)             Temple (1/1) D:4

Altars:
Ashenzari
Cheibriados
Elyvilon
Fedhas
Kikubaaqudgha
Makhleb
Qazlal
Ru
Trog
Vehumet
Xom
Zin
The Shining One

Annotations:
D:5 Edmund, Pikel


Innate Abilities, Weirdness & Mutations

You cannot wear most types of armour.
You are amphibious.
You can wear up to eight rings at the same time.
You can use your tentacles to constrict eight enemies at once.
Your skin changes colour to match your surroundings (Stealth).
Your rubbery body absorbs attacks (AC +1).


Message History

an uncursed shortbow; a centaur corpse You butcher the centaur corpse.
Your transformation is almost over.
v - 5 chunks of flesh You see here an uncursed shortbow.
You start resting.
Your tentacle spike disappears.
You start resting.
You see here a flail.
The centaur shouts!
The centaur wields a shortbow.
The centaur shoots an arrow.
The arrow hits you!
* * * LOW HITPOINT WARNING * * *
The centaur shoots an arrow.
The arrow closely misses you.
Things that are here:
2 arrows; a club; a mace The centaur shoots an arrow.
The arrow closely misses you.
There is a stone staircase leading up, spattered with blood here.
You see here an arrow.
The centaur shoots an arrow.
The arrow hits you!
You die...

,**,,,,,*****,,,,*,,**#..........
,**,,,,,**,,,,,,,,,**##..........
,**,,,,.,,,**,,,,*** #.c)........
,**,,,,..,,,,,,,,* ###...........
***,,,,...,,,***** #....#........
* *,,,,......#######.)..##...(...
***,,,,...................)......
,,,,,,,......#####)....)#..(..?..
***,,,,......[..@(.#....#........
***,,,,........#####....#........
*,,,,,,........# #....#........
,,**,,,......#.#####.............
**,,,,,....<...........#.........
*,,**,,.............[....########
,,,,,,,..............#####
,,***,*.####..........#
*****,*,****,.......#.#****


You could see a centaur.

Vanquished Creatures
  A centaur (D:5)
  A crimson imp (D:4)
  2 orc wizards
  3 orc priests
  A hound (D:4)
  Jessica (D:2)
  Ijyb (D:3)
  2 worker ants
  2 gnolls (D:2)
  2 adders (D:2)
  3 worms
  2 dart slugs
  5 giant geckos
  10 orcs
  7 giant cockroaches
  21 goblins
  9 hobgoblins
  9 jackals
  A quokka (D:5)
  5 bats
  5 giant newts
  17 kobolds
  4 rats
  A butterfly (D:2)
115 creatures vanquished.

Vanquished Creatures (collateral kills)
  Blork the orc (D:5)
  An orc wizard (D:5)
  A gnoll (D:2)
  3 orcs
  A goblin (D:1)
7 creatures vanquished.

Grand Total: 122 creatures vanquished

Notes
Turn   | Place    | Note
--------------------------------------------------------------
     0 | D:1      | Ijustatesigmund the Octopode Transmuter began the quest for the Orb.
     0 | D:1      | Reached XP level 1. HP: 13/13 MP: 3/3
    95 | D:1      | Reached XP level 2. HP: 12/19 MP: 5/5
   101 | D:1      | Learned a level 2 spell: Sticks to Snakes
   886 | D:1      | Reached XP level 3. HP: 25/25 MP: 6/6
   891 | D:1      | Learned a level 3 spell: Spider Form
  1603 | D:2      | Reached skill level 1 in Poison Magic
  1626 | D:2      | Noticed Jessica
  1634 | D:2      | Killed Jessica
  1634 | D:2      | Reached XP level 4. HP: 23/31 MP: 7/7
  1984 | D:2      | Found a shimmering altar of Xom.
  2227 | D:2      | Reached XP level 5. HP: 25/36 MP: 8/8
  3201 | D:3      | Found a bloodstained altar of Trog.
  4266 | D:3      | Reached XP level 6. HP: 38/43 MP: 9/9
  4324 | D:3      | Noticed Ijyb
  4336 | D:3      | Killed Ijyb
  4669 | D:4      | Found a staircase to the Ecumenical Temple.
  4692 | Temple   | Entered the Ecumenical Temple
  5059 | Temple   | Became a worshipper of Cheibriados the Contemplative
  5240 | D:4      | Reached skill level 1 in Invocations
  5484 | D:5      | Entered Level 5 of the Dungeon
  5484 | D:5      | Noticed Blork the orc
  5531 | D:5      | Killed Blork the orc
  5652 | D:5      | Reached XP level 7. HP: 36/48 MP: 8/10
  5795 | D:5      | Noticed Edmund
  5815 | D:5      | HP: 2/48 [Edmund/dire flail of draining (1)]
  5913 | D:5      | Reached * piety under Cheibriados
  6111 | D:5      | Noticed Pikel
  6267 | D:5      | Shot with an arrow by a centaur

Vault maps used:
D:1:      elethiomel_arrival_maze, minmay_misc_feat_columns
D:2:      xom_butterflies, uniq_jessica
D:3:      kennysheep_goblin_castle, bloody_trog, first_bread
D:4:      minmay_temple_entry_glass
D:5:      kennysheep_mini_moat, marbit_many_paths, uniq_edmund, uniq_pikel,
          uniq_blork_the_orc
Temple:   triangle_lava_temple_11

Skill      XL: |  1  2  3  4  5  6  7 |
---------------+----------------------+-----
Fighting       | 2 3 4 |  4.0
Poison Magic   | 1 2 |  2.0
Unarmed Combat | 4 |  4.0
Stealth        | 2 4 |  4.3
Invocations    | 2 3 |  3.5
Transmutations | 3 |  3.7
Dodging        | |  2.0
Spellcasting   | |  2.0

Action                   |  1- 3 |  4- 6 |  7- 9 || total
-------------------------+-------+-------+-------++-------
Melee: Unarmed           |    66 |   179 |    45 ||   290
Throw: Tomahawk          |       |     5 |     1 ||     6
 Cast: Beastly Appendage |     6 |    18 |     3 ||    27
       Sticks to Snakes  |     2 |    12 |     4 ||    18
       Spider Form       |       |     1 |     1 ||     2
Invok: Bend Time         |       |       |     1 ||     1
  Use: Scroll            |     6 |     6 |     3 ||    15
       Potion            |       |     3 |       ||     3
 Stab: Sleeping          |     4 |    20 |       ||    24
  Eat: Bread ration      |     1 |     1 |       ||     2
       Chunk             |       |     5 |       ||     5
       Fruit             |       |     4 |       ||     4
       Beef jerky        |       |     1 |       ||     1
